 Dungeon Crawl Stone Soup version 0.26.1-2-gb8aa6d0cf2 (webtiles) character file.

Game seed: 7555499667388124638

51 Thatpatchoflichen the Magician (level 4, -11/23 (24) HPs)
             Began as a Kobold Hedge Wizard on Mar 23, 2021.
             Mangled by an ogre
             ... wielding a +0 giant club
              (32 damage)
             ... on level 2 of the Dungeon.
             The game lasted 00:06:16 (3012 turns).

Thatpatchoflichen the Magician (KoWz)               Turns: 3012, Time: 00:06:17

HP:   -11/23 (24)   AC:  2    Str:  7    XL:     4   Next: 5%
MP:   8/9           EV: 16    Int: 16    God:
Gold: 91            SH:  0    Dex: 14    Spells: 9/10 levels left

rFire    x . .     SeeInvis .   a - +0 dagger
rCold    + . .     Faith    .   (shield restricted)
rNeg     . . .     Spirit   .   b - +0 robe
rPois    .         Reflect  .   c - +0 hat
rElec    .         Harm     .   (no cloak)
rCorr    .         Rampage  .   (no gloves)
Will     .....                  (no boots)
Stlth    +++.......             (no amulet)
HPRegen  0.07/turn              j - +4 ring of evasion
MPRegen  0.11/turn              i - ring of ice

@: constricted, lightly drained
A: small, nightstalker 3
a: no special abilities


You were on level 2 of the Dungeon.
You visited 1 branch of the dungeon, and saw 3 of its levels.

You collected 91 gold pieces.

Inventory:

Hand Weapons
 a - a +0 dagger (weapon)
Armour
 b - a +0 robe (worn)
 c - a +0 hat (worn)
Jewellery
 i - a ring of ice (right hand)
 j - a +4 ring of evasion (left hand)
Scrolls
 d - 4 scrolls of identify {unknown}
 e - a scroll of enchant weapon {unknown}
 h - 3 scrolls of blinking {unknown}
 k - a scroll of noise {unknown}
 m - a scroll of immolation {unknown}
 n - 2 scrolls of teleportation {unknown}
 p - a scroll of magic mapping {unknown}
 q - a scroll of fog {unknown}
 r - a scroll of enchant armour {unknown}


   Skills:
 + Level 0.5 Fighting
 - Level 0.1 Short Blades
 + Level 3.0 Dodging
 - Level 3.7 Stealth
 * Level 3.8 Spellcasting
 * Level 1.6 Conjurations
 - Level 1.0 Summonings
 - Level 1.0 Translocations


You had 9 spell levels left.
You knew the following spells:

 Your Spells              Type           Power        Failure   Level
a - Magic Dart            Conj           32%          9%          1

Your spell library contained the following spells:

 Spells                   Type           Power        Failure   Level
 Blink                    Tloc           N/A          17%         2
 Call Imp                 Summ           6%           17%         2
 Slow                     Hex            3%           26%         2
 Conjure Flame            Conj/Fire      5%           36%         3
 Mephitic Cloud           Conj/Pois/Air  4%           38%         3


Dungeon Overview and Level Annotations

Branches:
Dungeon (3/15)

Altars:
Fedhas
Trog
Xom


Innate Abilities, Weirdness & Mutations

You are small and have problems with some larger weapons.
You are completely attuned to the shadows.


Message History

The ogre closely misses you.
You see here a stone.
Aiming: Magic Dart (safe; 9% risk of failure)
Press: ? - help, Q - select action Shift-Dir - straight line, f - ogre
Aim: an ogre, wielding a +0 giant club (lightly wounded, 0% to evade)
The magic dart hits the ogre.
The ogre is lightly wounded.
The ogre misses you. The ogre completely misses you.
Found a spear.
A ball python comes into view.
The ball python hisses angrily.
The ball python bites you. The ball python grabs you.
The ball python constricts you.
You hit the ball python but do no damage.
The ball python bites you but does no damage.
The ball python constricts you.
The ogre hits you with a +0 giant club!!
Ouch! That really hurt!
You die...

###### ......
########### ......
...S@O..... #...##.#
######.### ....##.#
#.# ##..##.# #.#
#..##.# ######.#
##..##.# #..<##.#
.......# ###...##.#
######.####........#
#.............#


You could see an ogre and a ball python.

Vanquished Creatures
  2 adders (D:2)
  An ooze (D:2)
  A worm (D:2)
  A dart slug (D:2)
  A leopard gecko (D:1)
  A giant cockroach (D:1)
  3 goblins (D:2)
  A hobgoblin (D:1)
  2 quokkas
  A bat (D:1)
  3 frilled lizards (D:2)
  3 kobolds (D:2)
  5 rats
25 creatures vanquished.

Notes
Turn   | Place    | Note
-------+----------+-------------------------------------------
     0 | D:1      | Thatpatchoflichen the Kobold Hedge Wizard began the quest
                  | for the Orb.
     0 | D:1      | Reached XP level 1. HP: 10/10 MP: 4/4
   814 | D:1      | Reached XP level 2. HP: 12/15 MP: 3/6
  1153 | D:2      | Found a shimmering altar of Xom.
  1375 | D:2      | Reached XP level 3. HP: 9/19 MP: 4/8
  1812 | D:2      | Found a blossoming altar of Fedhas.
  1818 | D:2      | Found a bloodstained altar of Trog.
  2872 | D:2      | Reached XP level 4. HP: 18/24 MP: 6/9
  2978 | D:2      | Noticed an ogre
  3012 | D:2      | Mangled by an ogre

Illustrated notes

Levels and vault maps discovered:
D:1:      sevenhm_arrival_forest_fort_small_3, layout_basic
D:2:      layout_loops_ring, nicolae_overflow_hidden_temple,
          amethyst_overflow_temple_binary
D:3:      layout_rooms

Skill      XL: |  1  2  3 |
---------------+----------+-----
Stealth        | 3 |  3.7
Dodging        | 3 |  3.0
Fighting       | |  0.5
Short Blades   | |  0.1
Spellcasting   | |  3.8
Conjurations   | |  1.6
Summonings     | |  1.0
Translocations | |  1.0

Action                   |  1- 3 |  4- 6 || total
-------------------------+-------+-------++-------
Melee: Dagger            |    61 |     4 ||    65
 Cast: Magic Dart        |    48 |     4 ||    52
  Use: Potion            |     4 |       ||     4
 Stab: Sleeping          |     7 |     1 ||     8
Armor: Robe              |     8 |     1 ||     9
Dodge: Dodged            |    66 |     4 ||    70
